 Dungeon Crawl Stone Soup version 0.26-a0-660-gc07710193c (webtiles) character file.

Game seed: 14381110480558422328

8190 Roikka the Cleaver (level 11, -3/99 HPs)
             Began as a Hill Orc Delver on Oct 7, 2020.
             Was an Elder of Beogh.
             Slain by an orc knight
             ... wielding a +0 glaive
              (17 damage)
             ... in a bailey.
             The game lasted 00:42:00 (10226 turns).

Roikka the Cleaver (Hill Orc Delver)               Turns: 10226, Time: 00:42:00

Health: -3/99      AC: 22    Str: 19    XL:     11   Next: 27%
Magic:  17/17      EV:  3    Int: 10    God:    Beogh [****..]
Gold:   596        SH: 15    Dex: 12    Spells: 10/10 levels left

rFire    . . .     SeeInvis .   r - +6 war axe
rCold    + . .     Faith    .   w - +0 tower shield (curse)
rNeg     . . .     Spirit   .   y - +0 plate armour
rPois    .         Reflect  .   i - +2 hat
rElec    .         Harm     .   M - +2 cloak
rCorr    .         Rampage  .   x - +1 pair of gloves
MR       .....                  N - +0 pair of boots
Stlth    ..........             A - amulet of regeneration
HPRegen  0.66/turn              B - ring of protection from cold
MPRegen  0.15/turn              (no ring)

@: no status effects
A: no striking features
a: Smiting, Recall Orcish Followers, Renounce Religion


You were in a bailey.
You worshipped Beogh.
Beogh was greatly pleased with you.
You visited 2 branches of the dungeon, and saw 11 of its levels.
You also visited: Bailey.

You collected 596 gold pieces.

Inventory:

Hand Weapons
 a - a +4 war axe
 b - a +2 trident of venom
 r - a +6 war axe (weapon)
 J - a +2 vorpal halberd
 K - a +2 trident
Missiles
 I - 2 throwing nets (quivered)
Armour
 i - a +2 hat (worn)
 w - a cursed +0 tower shield (worn)
 x - a +1 pair of gloves (worn)
 y - a +0 plate armour (worn)
 M - a +2 cloak (worn)
 N - a +0 pair of boots (worn)
Jewellery
 j - an uncursed ring of ice
 A - an amulet of regeneration (around neck)
 B - a ring of protection from cold (left hand)
 H - an uncursed ring of fire
Wands
 g - a wand of digging (7)
 k - a wand of acid (8)
 G - a wand of iceblast (7)
 O - a wand of polymorph (15)
Scrolls
 c - 3 scrolls of fog
 d - 3 scrolls of magic mapping
 e - a scroll of fear
 h - 9 scrolls of teleportation
 l - a scroll of enchant armour
 C - 4 scrolls of identify
 D - a scroll of blinking
 E - a scroll of acquirement {unknown}
 F - 3 scrolls of amnesia
 L - a scroll of remove curse
Potions
 f - 5 potions of haste
 m - a potion of magic {unknown}
 n - 2 potions of berserk rage {unknown}
 o - 7 potions of heal wounds {unknown}
 p - 4 potions of curing {unknown}
 q - 3 potions of resistance {unknown}
 s - 5 potions of flight {unknown}
 t - a potion of degeneration {unknown}
 u - 3 potions of stabbing {unknown}
 v - 3 potions of lignification {unknown}
 z - a potion of brilliance {unknown}
 P - 2 potions of invisibility {unknown}
 Q - 2 potions of might {unknown}


   Skills:
 + Level 10.0 Fighting
 * Level 13.0 Axes
 + Level 8.3 Armour
 - Level 1.5 Dodging
 - Level 4.1 Stealth
 * Level 6.0 Shields
 + Level 8.4 Invocations


You had 10 spell levels left.
You didn't know any spells.
Your spell library was empty.

Dungeon Overview and Level Annotations

Branches:
Dungeon (10/15)            Temple (1/1) D:7            Lair (0/6) D:8
    Orc (0/2) D:10         Bailey (1/1)

Altars:
Ashenzari
Cheibriados
Dithmenos
Elyvilon
Fedhas
Gozag
Hepliaklqana
Kikubaaqudgha
Makhleb
Nemelex Xobeh
Okawaru
Qazlal
Ru
Sif Muna
Trog
Uskayaw
Vehumet
Wu Jian
Xom
Yredelemnul
Zin
The Shining One

Shops:
D:7 (*


Message History

The orc knight is severely wounded.
You hit the orc knight.
Your orc barely misses the orc knight.
Your orc warrior hits the orc knight with a +0 trident!
Your orc hits the orc knight but does no damage.
Your orc barely misses the orc knight. x2
Unknown command.
Your shield and plate armour prevent you from hitting the orc knight.
The orc knight is almost dead.
Your plate armour prevents you from hitting the orc knight.
You block the orc knight's attack.
The orc knight hits you with a +0 glaive!!
* * * LOW HITPOINT WARNING * * *
Your orc hits the orc knight but does no damage.
Your orc warrior closely misses the orc knight.
Your orc barely misses the orc knight.
Your orc closely misses the orc knight.
Your orc closely misses the orc knight.
The orc knight hits you but does no damage.
The orc knight hits you from afar with a +0 glaive!
You die...
Beogh appreciates the orc knight's killing of a heretic priest.

####### ######
##.....#########.....
+oo.@...#.....#).....
+..).)..'.....').....
+.oo....'.....'.)).).
+.oo....'.....'.))...
+)......#.....#......
##.....#########.....
####### ######


You could see 2 orc knights, a friendly orc warrior and 3 friendly orcs.

Vanquished Creatures
  2 two-headed ogres (D:8)
  Sigmund (D:6)
  A wyvern (D:9)
  Grum (D:8)
  2 yaks (D:9)
  Eustachio (D:6)
  2 wargs (D:8)
  3 ice beasts
  7 orc warriors
  A sky beast (D:5)
  2 black bears
  3 centaurs
  3 wolves (D:8)
  4 ogres
  A big kobold (D:8)
  9 bullfrogs
  A wyvern skeleton (D:8)
  A water moccasin skeleton (D:6)
  4 scorpions
  3 wights
  3 howler monkeys
  2 centaur zombies
  2 quasits (D:7)
  A bullfrog zombie (D:7)
  A jelly (D:8)
  2 hounds
  5 orc priests
  Crazy Yiuf (D:2)
  12 orc wizards
  2 centaur skeletons
  2 iguanas (D:5)
  8 worker ants
  A hound zombie (D:5)
  A worker ant zombie (D:8)
  3 gnolls (D:3)
  5 adders
  A shadow imp (D:9)
  A white imp (D:8)
  3 ufetubi
  2 adder zombies
  An adder skeleton (D:4)
  3 worms
  6 dart slugs
  6 leopard geckos
  30 orcs
  2 bats (D:1)
  10 giant cockroaches
  11 goblins
  3 hobgoblins
  7 jackals
  9 kobolds
  6 quokkas
  6 frilled lizards
  6 rats
216 creatures vanquished.

Vanquished Creatures (collateral kills)
  A cyclops (D:10)
  4 yaks (D:9)
  A warg (D:8)
  An orc warrior (Bailey)
  A phantom (D:8)
  A centaur (D:9)
  A bullfrog (D:9)
  2 scorpions
  5 wights (D:9)
  2 hounds (D:10)
  A centaur skeleton (D:10)
  2 orc priests (D:10)
  2 orc wizards
  A hound skeleton (D:10)
  An adder (D:10)
  2 ufetubi
  10 orcs
  A kobold (D:8)
39 creatures vanquished.

Vanquished Creatures (others)
  An orc warrior (D:8)
  A scorpion (D:4)
  2 orc wizards
  15 orcs
  3 fungi (D:2)
  A plant (D:8)
23 creatures vanquished.

Grand Total: 278 creatures vanquished

Notes
Turn   | Place    | Note
-------+----------+-------------------------------------------
     0 | D:5      | Roikka the Hill Orc Delver began the quest for the Orb.
     0 | D:5      | Reached XP level 1. HP: 19/19 MP: 1/1
    59 | D:5      | Noticed a worker ant
   230 | D:5      | Reached skill level 3 in Axes
   363 | D:2      | Reached XP level 2. HP: 27/27 MP: 2/2
   552 | D:1      | Reached skill level 1 in Armour
   743 | D:1      | Reached XP level 3. HP: 33/33 MP: 3/3
   767 | D:1      | Found a sparkling altar of Nemelex Xobeh.
  1162 | D:1      | Reached skill level 4 in Axes
  1850 | D:2      | Reached XP level 4. HP: 29/40 MP: 4/4
  2110 | D:2      | You fall into a shaft and drop 1 floor!
  2477 | D:2      | Found a runed translucent door.
  2478 | D:2      | Noticed Crazy Yiuf
  2488 | D:2      | HP: 2/40 [Crazy Yiuf/+2 quarterstaff of chaos (6)]
  2489 | D:2      | Killed Crazy Yiuf
  2885 | D:3      | Reached skill level 5 in Axes
  2978 | D:3      | Reached XP level 5. HP: 45/47 MP: 5/5
  3091 | D:3      | Found a stormy altar of Qazlal.
  3340 | D:3      | Found a radiant altar of Vehumet.
  3506 | D:4      | Became a worshipper of Beogh the Brigand
  3510 | D:4      | Reached skill level 5 in Fighting
  3510 | D:4      | Reached skill level 6 in Axes
  3510 | D:4      | Reached XP level 6. HP: 56/56 MP: 6/6
  3866 | D:4      | Found a broken altar of Ashenzari.
  4062 | D:5      | Found an opulent altar of Gozag.
  4102 | D:5      | Reached skill level 7 in Axes
  4102 | D:5      | Reached XP level 7. HP: 36/61 MP: 7/7
  4204 | D:5      | Found a hazy altar of Hepliaklqana.
  4507 | D:4      | Reached * piety under Beogh
  4517 | D:4      | Reached skill level 8 in Axes
  4829 | D:5      | Found a shadowy altar of Dithmenos.
  4919 | D:5      | Reached XP level 8. HP: 18/71 MP: 8/8
  5060 | D:5      | Found a basalt altar of Yredelemnul.
  5260 | D:6      | Reached skill level 9 in Axes
  5289 | D:6      | Reached skill level 5 in Armour
  5291 | D:6      | Noticed Eustachio
  5323 | D:6      | Killed Eustachio
  5553 | D:6      | Reached skill level 10 in Axes
  5603 | D:6      | Noticed Sigmund
  5612 | D:6      | Killed Sigmund
  5748 | D:6      | Reached XP level 9. HP: 66/79 MP: 9/9
  5749 | D:6      | Reached ** piety under Beogh
  6392 | D:7      | Reached skill level 11 in Axes
  6503 | D:7      | Reached skill level 1 in Invocations
  6520 | D:7      | Reached skill level 1 in Shields
  6881 | D:7      | Found a shimmering blue altar of Sif Muna.
  6896 | D:7      | Found Vyseocro's Island Escapes.
  7154 | D:7      | Found a staircase to the Ecumenical Temple.
  7163 | Temple   | Entered the Ecumenical Temple
  7274 | D:7      | Found Ceusuagi's Weapon Shop.
  7531 | D:8      | Noticed a two-headed ogre
  7544 | D:8      | Killed a two-headed ogre
  7544 | D:8      | Reached skill level 5 in Invocations
  7544 | D:8      | Reached XP level 10. HP: 51/91 MP: 12/14
  7578 | D:8      | Reached *** piety under Beogh
  7704 | D:8      | Reached skill level 12 in Axes
  7705 | D:8      | Found a staircase to the Lair.
  7748 | D:8      | Noticed Grum
  7891 | D:8      | Killed Grum
  7897 | D:8      | Noticed a two-headed ogre
  7916 | D:8      | Killed a two-headed ogre
  8532 | D:9      | Gained Agrik as an ally
  8537 | D:9      | Reached skill level 5 in Shields
  8538 | D:9      | Reached XP level 11. HP: 95/99 MP: 16/16
  8542 | D:9      | Reached **** piety under Beogh
  8623 | D:9      | Found an iron altar of Okawaru.
  9371 | D:10     | Entered Level 10 of the Dungeon
  9427 | D:10     | Noticed a cyclops
  9435 | D:10     | Killed a cyclops
  9487 | D:10     | Found a staircase to the Orcish Mines.
  9576 | D:10     | Found a flagged portal.
  9585 | Bailey   | Entered a bailey
  9866 | Bailey   | Reached skill level 13 in Axes
 10212 | Bailey   | Noticed an orc knight
 10212 | Bailey   | Noticed an orc knight
 10218 | Bailey   | Reached skill level 10 in Fighting
 10226 | Bailey   | Slain by an orc knight

Illustrated notes

Levels and vault maps discovered:
D:1:      arrival_zaba_pyramid, layout_basic, nemelex_diamond_rough_becter
D:2:      layout_loops_ring, uniq_crazy_yiuf_cottage
D:3:      layout_rooms, nicolae_overflow_crystal_walls, lemuel_doored_altar
D:4:      layout_basic, ashenzari_conservatory_becter
D:5:      layout_rooms, nicolae_dithmenos_through_a_glass_darkly,
          nicolae_gozag_seed_capital, overflow_temple_1_default,
          lemuel_coloured_pillars_altar
D:6:      layout_layer_cave, wad_floor_pattern_untrapped, uniq_eustachio,
          uniq_sigmund
D:7:      layout_rooms, lemuel_blue_sif_altar, minmay_temple_entry_butterflies,
          serial_shops, kennysheep_little_box, minmay_fountain_box,
          nicolae_island_escapes
D:8:      layout_loops_ring, erik_lair_orcish_takeover, uniq_grum
D:9:      layout_basic, lemuel_crystal_altar
D:10:     layout_loops_ring, erik_orc_2, nicolae_trove_entry_free_sample,
          enter_bailey_8, hangedman_feature_mirror, minmay_misc_feat_diagonals
Temple:   cyrus_circular_temple
Bailey:   bailey_polearm_5, bailey

Skill      XL: |  1  2  3  4  5  6  7  8  9 10 11 |
---------------+----------------------------------+-----
Axes           | 3 4 5 6 7 8 10 11 12 13 | 13.0
Armour         | 1 2 3 4 5 7 8 |  8.3
Fighting       | 4 5 6 7 9 10 | 10.0
Invocations    | 5 7 8 |  8.4
Shields        | 3 5 6 |  6.0
Dodging        | |  1.5
Stealth        | |  4.1

Action                   |  1- 3 |  4- 6 |  7- 9 | 10-12 || total
-------------------------+-------+-------+-------+-------++-------
Melee: War axe           |   121 |   122 |   343 |   242 ||   828
       Trident           |       |       |    33 |    13 ||    46
Throw: Dart              |     6 |     2 |    11 |     1 ||    20
Invok: Convert to Beogh  |       |     1 |       |       ||     1
       Recall Orcish Fol |       |       |       |     2 ||     2
  Use: Scroll            |     2 |     8 |     1 |     2 ||    13
 Stab: Sleeping          |     9 |       |       |       ||     9
       Distracted        |       |     1 |       |       ||     1
Armor: Leather armour    |    28 |       |       |       ||    28
       Ring mail         |     9 |    23 |       |       ||    32
       Scale mail        |       |    29 |   150 |       ||   179
       Chain mail        |       |       |    59 |    72 ||   131
       Plate armour      |       |       |       |    62 ||    62
Dodge: Dodged            |    83 |    70 |   176 |    56 ||   385
Block: Tower shield      |       |       |       |   108 ||   108

Table legend: (Time is in decaauts)
 A = Elapsed time spent in this place.
 B = Non-inter-level travel time spent in this place.
 C = Inter-level travel time spent in this place.
 D = Time resting spent in this place.
 E = Time spent auto-exploring this place.
 F = Levels seen in this place.
 G = Mean time per level.
                   A        B        C        D        E       F      G
               +--------+--------+--------+--------+--------+-----+--------+
         Total |  10289 |   9835 |    454 |   2024 |   5026 |  12 |  857.4 |
       Dungeon |   9596 |   9150 |    446 |   1524 |   4983 |  10 |  959.6 |
        Temple |     52 |     44 |      8 |      0 |     43 |   1 |   52.0 |
        Bailey |    639 |    639 |      0 |    500 |      0 |   1 |  639.0 |
               +--------+--------+--------+--------+--------+-----+--------+

Top non-repeatable levels by time:
     D:2: 1430 daAuts
     D:6: 1425 daAuts
     D:1: 1161 daAuts
     D:5: 1085 daAuts
     D:9: 1053 daAuts
     D:8: 925 daAuts
     D:4: 864 daAuts
     D:7: 782 daAuts
     D:3: 654 daAuts
  Bailey: 639 daAuts
    D:10: 213 daAuts
  Temple: 52 daAuts
